 Dungeon Crawl Stone Soup version 0.31-a0-117-g42d8f58691 (webtiles) character file.

Game seed: 1220849877036595817

50 Kenran the Slasher (level 3, -5/28 HPs)
             Began as a Vampire Monk on May 31, 2023.
             Slain by a gnoll
             ... wielding a +2 spear of venom
              (9 damage)
             ... on level 2 of the Dungeon.
             The game lasted 00:03:15 (1035 turns).

Kenran the Slasher (Vampire Monk)                   Turns: 1035, Time: 00:03:15

Health: -5/28      AC:  9    Str: 10    XL:     3   Next: 55%
Magic:  3/3        EV: 11    Int: 12    God:
Gold:   79         SH:  0    Dex: 18    Spells: 2/2 levels left

rFire   . . .        a - +3 falchion
rCold   . . .        d - orb {light}
rNeg    . . .        e - +0 ring mail
rPois   .            (no helmet)
rElec   .            q - +0 cloak
rCorr   .            j - +2 pair of gloves
SInv    +            (no boots)
Will    .....        (no amulet)
Stlth   +            (no ring)
HPRegen 0.44/turn    (no ring)
MPRegen 0.08/turn

%: no passive effects
@: lethally poisoned (-5 -> -22), healing quickly, glowing
A: alive, fangs 3, see invisible, vampiric 2
a: Exsanguinate


You were on level 2 of the Dungeon.
You visited 1 branch of the dungeon, and saw 2 of its levels.

You collected 79 gold pieces.

Inventory:

Hand Weapons
 a - a +3 falchion (weapon)
 p - the +6 hand axe of Fragile Peace {flame, Will+ Str+6 Int-3}
   (You found it on level 2 of the Dungeon)

   Str:       It affects your strength (+6).
   Int:       It affects your intelligence (-3).
   Will:      It increases your willpower.
Missiles
 m - 2 throwing nets (quivered)
Armour
 d - an orb of light (worn)
 e - a +0 ring mail (worn)
 j - a +2 pair of gloves (worn)
 q - a +0 cloak (worn)
Scrolls
 b - a scroll of fog
 f - 2 scrolls of fear
 h - 2 scrolls of poison {unknown}
 l - a scroll of enchant weapon {unknown}
 n - a scroll of teleportation {unknown}
Potions
 c - a potion of ambrosia
 g - 2 potions of degeneration {unknown}
 i - a potion of mutation {unknown}
 k - a potion of attraction {unknown}
 o - a potion of curing {unknown}


   Skills:
 - Level 2.7 Fighting
 + Level 4.5 Long Blades
 - Level 3.3 Dodging


You had 2 spell levels left.
You didn't know any spells.
Your spell library contained the following spells:

 Spells                   Type           Power      Damage    Failure   Level
 Magic Dart               Conj           0%         1d3       65%         1
 Call Imp                 Summ           0%         N/A       78%         2
 Mephitic Cloud           Conj/Pois/Air  0%         N/A       95%         3


Dungeon Overview and Level Annotations

Branches:
Dungeon (2/15)

Altars:

Shops:
D:2 ([=


Innate Abilities, Weirdness & Mutations

Your natural rate of healing is accelerated.
You have razor-sharp teeth.
You have supernaturally acute eyesight. (SInv)
You are afflicted with vampirism and can become a bat while bloodless.


Message History

The adder closely misses you. The adder attacks as you move away!
The adder bites you but does no damage.
The gnoll hits you from afar with a +2 spear of venom.
The adder attacks as you move away! The adder closely misses you. x2
The adder attacks as you move away!
The adder bites you but does no damage. x2
The adder misses you.
You slash the adder!
You kill the adder!
You start resting.
A gnoll is nearby!
The gnoll hits you with a +2 spear of venom.
You are poisoned.
You hit the gnoll.
The gnoll is moderately wounded.
You feel very sick. The gnoll misses you. The rat barely misses you.
You hit the gnoll.
The gnoll is severely wounded.
You feel sick. The rat misses you. The gnoll barely misses you.
You hit the gnoll.
The gnoll is severely wounded.
You feel sick. The rat closely misses you. The gnoll misses you.
You hit the gnoll.
The gnoll is almost dead.
You feel sick.
The gnoll hits you with a +2 spear of venom.
You are lethally poisoned!
The rat bites you but does no damage.
You hit the gnoll but do no damage.
The gnoll is almost dead.
* * * LOW HITPOINT WARNING * * *
You feel very sick. The rat completely misses you.
The gnoll hits you with a +2 spear of venom.
* * * LOW HITPOINT WARNING * * *
You are more poisoned.
The rat bites you.
* * * LOW HITPOINT WARNING * * *
The gnoll hits you with a +2 spear of venom!
You die...

#.#......# #.#
..#.##...# #####.#
##.#..§...###...#.#
.####........#.#.#.#
#......§§...#.#.#.#.#
#####§..§§..#.#.#.#.#
#..§§...#.#.#.#.#
###.#.#.#.#.#.#.#
#####g@.#.......#.#.###
#...#r#.#...#.###.#...#
#.#g#g#.....#.# #.###.#
### #g#.#g#.#....[#
#.....#
....###.#...#......##
#######
#....r#.#####.#.###
#.##..#.#####.#...# ##
#.g###...#.....# ..###
###g...#[<.##....#


You could see 3 gnolls and a rat.

Vanquished Creatures
  An adder (D:2)
  A dart slug (D:2)
  An orc (D:2)
  An endoplasm (D:1)
  A giant cockroach (D:1)
  2 goblins (D:1)
  8 hobgoblins
  A quokka (D:1)
  3 ball pythons (D:1)
  3 bats
  14 frilled lizards (D:1)
  A kobold (D:1)
  3 rats
40 creatures vanquished.

Notes
Turn   | Place    | Note
-------+----------+-------------------------------------------
     0 | D:1      | Kenran the Vampire Monk began the quest for the Orb.
     0 | D:1      | Reached XP level 1. HP: 17/17 MP: 1/1
    96 | D:1      | Reached XP level 2. HP: 23/23 MP: 2/2
   187 | D:1      | Reached skill level 4 in Long Blades
   320 | D:1      | Gained mutation: You are afflicted with vampirism and can
                  | become a bat while bloodless. [Vampire growth]
   320 | D:1      | Reached XP level 3. HP: 28/28 MP: 3/3
   597 | D:2      | Found Athauz's Jewellery Emporium.
   699 | D:2      | Found Ninkapry's Antique Armour Shop.
   702 | D:2      | Identified the +6 hand axe of Fragile Peace {flame, Will+
                  | Str+6 Int-3}
   736 | D:2      | Found Toigonin's Weapon Emporium.
   861 | D:2      | Identified the +2 chain mail "Yzenk" {Harm Rampage rN+++
                  | Int-2}
  1035 | D:2      | Slain by a gnoll

Illustrated notes

Levels and vault maps discovered:
D:1:      minmay_arrival_doors, layout_rooms, minmay_lizard_pond
D:2:      layout_basic, serial_shops, nicolae_shop_getting_attention,
          nicolae_shop_just_a_little_nook, shop,
          nicolae_shop_bloodbath_and_beyond, nicolae_shop_behind_doors,
          grunt_ministairs_12

Skill      XL: |  1  2 |
---------------+-------+-----
Long Blades    | 4 |  4.5
Fighting       | |  2.7
Dodging        | |  3.3

Action                     || total
---------------------------++-------
  Melee: Falchion          ||    76
         Bite              ||     7
    Use: Scroll            ||     2
 Armour: Ring mail         ||    29
  Dodge: Dodged            ||    72

Table legend: (Time is in decaauts)
 A = Elapsed time spent in this place.
 B = Non-inter-level travel time spent in this place.
 C = Inter-level travel time spent in this place.
 D = Time resting spent in this place.
 E = Time spent auto-exploring this place.
 F = Levels seen in this place.
 G = Mean time per level.
                   A        B        C        D        E       F      G
               +--------+--------+--------+--------+--------+-----+--------+
         Total |   1042 |   1038 |      4 |     12 |    620 |   2 |  521.0 |
       Dungeon |   1042 |   1038 |      4 |     12 |    620 |   2 |  521.0 |
               +--------+--------+--------+--------+--------+-----+--------+

Top non-repeatable levels by time:
     D:1: 536 daAuts
     D:2: 506 daAuts
